Mecha, chaotic female elven Priestess --.-- --.-.----------- |...| ####...............| |..@Y #####|..............| |...| # #------ #####...............| |...-#########|.....# ## |.............<| ----- # |....| ### ---------------- ##-....| # |.....## ------ Mecha the Adept Experience level: 8 Strength: 16 Dexterity: 10 Constitution: 16 Intelligence: 11 Wisdom: 20 Charisma: 10 Health: 0(55) Energy: 141(141) AC: -5 Gold: 1037 Moves: 6641 Your Inventory: Coins $ - 1037 gold pieces Weapons a - a blessed +1 mace (weapon in hand) m - an uncursed [+0] elven short sword named orcist J - a blessed [+0] elven dagger named Sting [Sting] (in quiver) Armor b - an uncursed +0 robe (being worn) c - an uncursed +0 small shield (being worn) q - an uncursed +0 elven leather helm z - an uncursed +0 pair of leather gloves (being worn) P - an uncursed +0 elven mithril-coat (being worn) Q - a cursed -1 Hawaiian shirt (being worn) R - a blessed +2 helm of brilliance (being worn) S - a blessed +0 pair of speed boots (being worn) Scrolls e - an uncursed scroll labeled LEP GEX VEN ZEA [of remove curse] f - a cursed scroll labeled JUYED AWK YACC [of identify] o - an uncursed scroll labeled YUM YUM [of create monster] u - an uncursed unlabeled scroll [of blank paper] y - an uncursed scroll labeled EIRIS SAZUN IDISI [of food detection] D - an uncursed scroll labeled ETAOIN SHRDLU [of light] I - an uncursed scroll labeled SODALG [of teleportation] Spellbooks g - an uncursed spellbook of cure blindness h - an uncursed spellbook of create monster p - an uncursed spellbook of extra healing Y - an uncursed left-handed spellbook [of fireball] Potions d - 4 potions of holy water l - an uncursed squishy potion [of invisibility] n - an uncursed smoky potion [of paralysis] r - an uncursed white potion [of fruit juice] A - a cursed smoky potion [of paralysis] C - an uncursed gooey potion [of object detection] E - an uncursed amber potion [of gain ability] Rings G - a cursed wire ring [of poison resistance] Wands w - an uncursed wand of cold [0:1] B - an uncursed black wand [of teleportation (0:6)] T - an uncursed wand of digging [0:7] W - an uncursed wand of sleep [0:5] Tools i - an uncursed bugle j - an uncursed stethoscope k - an uncursed tin whistle x - an uncursed looking glass [mirror] F - an uncursed brass lantern H - an uncursed [oil] lamp K - an uncursed [wax] candle Gems s - 2 uncursed blue gems [worthless glass] t - 3 uncursed yellow gems [chrysoberyl] v - an uncursed white gem [fluorite] U - an uncursed yellow gem [worthless glass] Z - 3 uncursed green gems [worthless glass] Spells known in the end: Name Level Category Fail Memory a - cure blindness 2 healing 63% [||||||..] b - create monster 2 clerical 30% [||||||..] c - extra healing 3 healing 84% [||||||..] Your skills at the end: Fighting Skills shield [Basic / Expert] Weapon Skills mace [Skilled / Expert] Spellcasting Skills clerical spells [Basic / Expert] Final Attributes: You were piously aligned. Hunger level was 639. Your alignment was 43 / 43. Monster difficulty range was 1 - 8. Level difficulty was 9. You were immune to sleep. You resisted poison. You saw invisible. You were telepathic. You had infravision. You were held by an owlbear. You were very fast. Your luck was zero. You are dead. Vanquished creatures: 2 small mimics a rodent of unusual size a wraith an incubus a quivering blob a mumak a black light 2 rust monsters an owlbear a dog a housecat a dust vortex a Woodland-elf a wood nymph 7 Mordor orcs 3 orc shamans 4 rock piercers a fog cloud a shrieker a gnome lord a gnomish wizard a kobold mummy a gray ooze a straw golem 9 giant ants a little dog 4 floating eyes a kitten 3 dwarves a kobold lord 2 hill orcs 5 rothes 3 rabid rats a giant bat 2 orc zombies a wererat a werejackal 4 iguanas 3 acid blobs 5 coyotes a gas spore 2 hobbits 2 hobgoblins 4 giant rats a gnome 5 garter snakes 5 geckos 3 jackals a kobold a goblin 8 sewer rats 7 grid bugs 4 bats 4 lichens 6 newts 137 creatures vanquished. Voluntary challenges: You used a wielded weapon 155 times. You read items or engraved 13 times. You put on armor 31 times. You never genocided any monsters. You never polymorphed an object. You never changed form. You used no wishes. You wrote Elbereth's name 6 times. You never encountered a bones level. You never used any Sokoban shortcuts. Dungeon overview: The Dungeons of Doom: levels 1 to 9 Level 1 some fountains a long staircase Level 2 a general store, a fountain a long staircase Level 3 an armor shop, a fountain Level 4 some fountains Level 5 an armor shop Level 6 a fountain Level 8 many fountains Level 9 <- You were here History has recorded: On T:1 you entered the Dungeons of Doom to retrieve the Amulet of Yendor! On T:472 you reached level 2 of The Dungeons of Doom. On T:874 you advanced to experience level 2. On T:1034 you advanced to experience level 3. On T:1554 you advanced to experience level 4. On T:1870 you reached level 3 of The Dungeons of Doom. On T:1871 you advanced to experience level 5. On T:2290 you advanced to experience level 6. On T:2573 you reached level 4 of The Dungeons of Doom. On T:3865 you advanced to experience level 7. On T:4336 you reached level 5 of The Dungeons of Doom. On T:4877 you reached level 6 of The Dungeons of Doom. On T:5234 you reached level 7 of The Dungeons of Doom. On T:5938 you reached level 8 of The Dungeons of Doom. On T:5992 you advanced to experience level 8. On T:6582 you reached level 9 of The Dungeons of Doom. Latest messages: The owlbear hits! You are being crushed. [HP-11=34] You hit the owlbear! (2x) The owlbear misses. The owlbear hits! You are being crushed. [HP-8=26] You miss the owlbear. The owlbear misses. (2x) You are being crushed. [HP-9=17] You miss the owlbear. The owlbear misses. The owlbear hits! You are being crushed. [HP-4=13] You write "Elbereth" with your fingers into the dust. The owlbear misses. The owlbear hits! You are being crushed. You die... Final status: Goodbye Mecha the Priestess... You died in The Dungeons of Doom on dungeon level 9 with 6709 points, and 1037 pieces of gold, after 6641 moves. You were level 8 with a maximum of 55 hit points when you died.